 Dungeon Crawl Stone Soup version 0.26.1-2-gb8aa6d0cf2 (webtiles) character file.

Game seed: 5268835322584112486

42 sking99 the Skirmisher (level 3, -1/60 HPs)
             Began as an Ogre Abyssal Knight on Feb 20, 2021.
             Was a Follower of Lugonu.
             Slain by a scorpion (3 damage)
             ... on level 3 of the Dungeon.
             The game lasted 00:04:40 (2724 turns).

sking99 the Skirmisher (Ogre Abyssal Knight)        Turns: 2724, Time: 00:04:41

Health: -1/60      AC: 21    Str: 17    XL:     3   Next: 54%
Magic:  4/4        EV:  1    Int: 13    God:    Lugonu [*.....]
Gold:   102        SH:  0    Dex:  8    Spells: 2/2 levels left

rFire    . . .     SeeInvis .   a - +1 hand axe
rCold    . . .     Faith    .   (no shield)
rNeg     + + +     Spirit   .   (armour currently unavailable)
rPois    +         Reflect  .   (helmet currently unavailable)
rElec    .         Harm     .   (cloak currently unavailable)
rCorr    .         Rampage  .   (gloves unavailable)
Will     .....     Rnd*Rage +   (boots unavailable) Stlth +.........NoTele +
                                (no amulet)
HPRegen  0.20/turn              (no ring)
MPRegen  0.09/turn              (no ring)

@: lethally poisoned (-1 -> -3), tree-form (expiring), attractive, very slightly
contaminated, invisible
A: large, unfitting armour, berserk 1
a: Renounce Religion, Depart the Abyss


You were on level 3 of the Dungeon.
You worshipped Lugonu.
Lugonu was aware of your devotion.
You were a tree.
You visited 1 branch of the dungeon, and saw 3 of its levels.
You visited the Abyss 1 time.

You collected 102 gold pieces.

Inventory:

Hand Weapons
 a - a +1 hand axe (weapon)
Armour
 b - a +0 robe (melded)
 k - a +0 cloak (melded)
Jewellery
 g - an uncursed ring of willpower {unknown}
 i - an uncursed ring of protection from cold {unknown}
Scrolls
 d - 3 scrolls of enchant armour {unknown}
 e - a scroll of identify {unknown}
 f - 6 scrolls of teleportation {unknown}
 h - a scroll of noise {unknown}
 j - 6 scrolls of remove curse {unknown}
 l - 2 scrolls of enchant weapon {unknown}
 n - a scroll of blinking {unknown}
Potions
 c - a potion of lignification


   Skills:
 + Level 4.4 Fighting
 * Level 2.9 Axes
 + Level 2.4 Dodging
 + Level 2.4 Invocations


You had 2 spell levels left.
You didn't know any spells.
Your spell library was empty.

Dungeon Overview and Level Annotations

Branches:
Dungeon (3/15)

Altars:
Gozag
Makhleb
Ru
Xom
The Shining One

Annotations:
D:2 1 runed translucent door, Crazy Yiuf


Innate Abilities, Weirdness & Mutations

You are too large for most types of armour.
((You have tough skin. (AC +1)))
You tend to lose your temper in combat.
((Your system is resistant to poisons. (rPois)))


Message History

The scorpion is almost dead.
Your transformation is almost over.
The scorpion stings you but does no damage. x2
It was a potion of attraction.
You feel attractive to monsters.
* * * LOW HITPOINT WARNING * * *
You feel sick.
The scorpion stings you but does no damage.
It was a potion of mutation.
You feel extremely strange.
You feel a little pissed off.
You feel resistant to poisons.
The scorpion stings you but does no damage.
You hit the scorpion.
The scorpion is almost dead.
* * * LOW HITPOINT WARNING * * *
You feel sick.
The scorpion stings you but does no damage.
You hit the scorpion but do no damage.
The scorpion is almost dead.
The scorpion stings you.
You die...

# #. .
#. ###
#.##<#
#..#♣#
#..s.#
#..###
#$.
#..
###


You could see a scorpion.

Vanquished Creatures
  2 worms (D:2)
  A dart slug (D:1)
  A leopard gecko (D:2)
  3 goblins
  11 hobgoblins
  3 kobolds
  6 bats
  2 frilled lizards
  2 rats (D:2)
31 creatures vanquished.

Notes
Turn   | Place    | Note
-------+----------+-------------------------------------------
     0 | Abyss:1  | sking99 the Ogre Abyssal Knight began the quest for the
                  | Orb.
     0 | Abyss:1  | Reached XP level 1. HP: 24/24 MP: 2/2
    35 | Abyss:1  | Noticed an ancient zyme
    37 | D:1      | Escaped the Abyss
    70 | D:1      | Found a shimmering altar of Xom.
   386 | D:1      | Reached XP level 2. HP: 9/32 MP: 3/3
   814 | D:1      | Reached * piety under Lugonu
  1254 | D:2      | Found an opulent altar of Gozag.
  1254 | D:2      | Found a glowing golden altar of the Shining One.
  1254 | D:2      | Found a sacrificial altar of Ru.
  1351 | D:2      | Reached XP level 3. HP: 39/40 MP: 4/4
  2129 | D:2      | Found a burning altar of Makhleb.
  2129 | D:2      | Noticed a blizzard demon
  2138 | D:2      | Noticed a neqoxec
  2138 | D:2      | Noticed an orange demon
  2316 | D:2      | Found a runed translucent door.
  2317 | D:2      | Noticed Crazy Yiuf
  2700 | D:3      | Noticed a scorpion
  2719 | D:3      | HP: 3/60 [poisoned by a scorpion]
  2722 | D:3      | Gained mutation: You tend to lose your temper in combat.
                  | [potion of mutation]
  2722 | D:3      | Gained mutation: Your system is resistant to poisons.
                  | (rPois) [potion of mutation]
  2724 | D:3      | Slain by a scorpion

Illustrated notes

Levels and vault maps discovered:
D:1:      wander_arrival_lonely_grave, layout_basic, xom_teletrap_fun
D:2:      layout_rooms, gammafunk_temple_overflow_forgotten,
          makhleb_altar_promises_db, uniq_crazy_yiuf_cottage
D:3:      layout_basic, grunt_temple_overflow_growth_and_decay,
          minmay_ogre_servants, uniq_robin

Action                   || total
-------------------------++-------
Melee: Hand axe          ||   121
Invok: Depart the Abyss  ||     1
  Use: Potion            ||     5
Armor: Robe              ||    39
       Skin              ||    11
Dodge: Dodged            ||    63
